 Dungeon Crawl Stone Soup version 0.31-a0-825-gf28bc0971e (webtiles) character file.

Game seed: 16223155305625660724

107 qw the Shooter (level 4, -2/28 HPs)
             Began as a Gargoyle Hunter on Sept 23, 2023.
             Slain by Duvessa
             ... wielding a +0 rapier
              (5 damage)
             ... on level 4 of the Dungeon.
             The game lasted 00:00:55 (2032 turns).

qw the Shooter (Gargoyle Hunter)                    Turns: 2032, Time: 00:00:55

Health: -2/28      AC: 10    Str: 13 (14) XL:     4   Next: 86%
Magic:  4/4        EV: 10    Int:  8 (10) God:
Gold:   127        SH:  0    Dex: 13 (15) Spells: 3/3 levels left

rFire   . . .        Y - +0 shortbow
rCold   . . .        (shield currently unavailable)
rNeg    + . .        b - +0 ring mail {Will+}
rPois   inf          (no helmet)
rElec   +            (no cloak)
rCorr   .            (no gloves)
SInv    .            f - +1 pair of boots
Will    +....        (no amulet)
Stlth   +            (no ring)
HPRegen 0.24/turn    (no ring)
MPRegen 0.09/turn

%: no passive effects
@: about to teleport
A: sickness immunity, AC +3, negative energy resistance 1, electricity
resistance, torment resistance 1, petrification resistance
a: no special abilities


You were on level 4 of the Dungeon.
You visited 1 branch of the dungeon, and saw 4 of its levels.

You collected 127 gold pieces.


Innate Abilities, Weirdness & Mutations

You are immune to sickness and miasma.
Your stone body is resilient. (AC +3)
You are immune to poison.
You resist negative energy. (rN+)
You are resistant to electric shocks. (rElec)
You are resistant to unholy torment.
You are immune to petrification.


   Skills:
 - Level 3.0 Fighting
 + Level 5.6 Ranged Weapons
 - Level 1.0 Armour
 - Level 1.5 Dodging
 - Level 1.1 Stealth


You had 3 spell levels left.
You didn't know any spells.
Your spell library was empty.

Inventory:

Hand Weapons
 Y - a +0 shortbow (weapon)
Armour
 b - a +0 ring mail of willpower (worn)
 c - a +0 pair of gloves
 f - a +1 pair of boots (worn)
Scrolls
 a - 5 scrolls of teleportation
 i - 2 scrolls of identify
Potions
 d - a potion of haste

Dungeon Overview and Level Annotations

Branches:
Dungeon (4/15)
 Temple: D:4-7

Altars:
Sif Muna

Annotations:
D:4 Dowan, Duvessa


Message History

2024 |||
Found retreat position at 0,3 (floor) with 0 blocking monsters and 1 monsters attacking at destination at distance 4
2024 ||| RETREEAATING.
Found a scroll of identify.
Enter note:
2025 |||
Found retreat position at -1,2 (floor) with 0 blocking monsters and 1 monsters attacking at destination at distance 3
2025 ||| STILL RETREEAATING.
Enter note:
2026 |||
Found retreat position at -2,1 (floor) with 0 blocking monsters and 1 monsters attacking at destination at distance 2
2026 ||| STILL RETREEAATING.
Enter note:
2027 |||
Found retreat position at -1,0 (floor) with 0 blocking monsters and 1 monsters attacking at destination at distance 1
2027 ||| Stepping ~*~*~tactically~*~*~ (retreating).
Enter note: You shoot an arrow.
The arrow hits Duvessa but does no damage.
Duvessa closely misses you. x2
You shoot an arrow. The arrow barely misses Duvessa.
The arrow closely misses Dowan.
Duvessa hits you with a +0 rapier.
An endoplasm comes into view.
Dowan says, "My weaknesses are her strengths!"
Duvessa closely misses you.
Dowan gestures wildly while chanting.
Dowan blinks!
You shoot an arrow. The arrow hits Duvessa.
Duvessa is lightly wounded.
Duvessa hits you with a +0 rapier! x2
Dowan casts a spell.
Dowan blinks!
2031 ||| READING 6 scrolls of teleportation.
As you read the scroll of teleportation, it crumbles to dust.
You feel strangely unstable. Duvessa hits you with a +0 rapier.
Dowan casts a spell.
Dowan blinks!
Duvessa barely misses you.
2032 |||
Found retreat position at -1,0 (Dowan; floor) with 0 blocking monsters and 1 monsters attacking at destination at distance 1
Enter note: You shoot an arrow.
The arrow hits Duvessa.
Duvessa is moderately wounded.
Duvessa hits you with a +0 rapier.
You die...

#.....##.............[....
####.###..................
#..##..................
##.##...........[......
#.##..................
#...#.................
###.##.....#..........
#.##########........
#.###....e@e..J.....
######.#...######........
#..........######........
#..#####...........#.##.#.
...##.:.......###..# #
#..........#.#...?#
####...........##.#
##........## .
#<......#..#


You could see Duvessa (fast), Dowan and an endoplasm.

Vanquished Creatures
  3 adders (D:2)
  3 dart slugs
  5 orcs
  4 endoplasms
  12 giant cockroaches
  2 goblins (D:2)
  2 hobgoblins
  7 jackals
  7 kobolds
  4 quokkas
  3 ball pythons
  4 bats
  6 rats
62 creatures vanquished.

Notes
Turn   | Place    | Note
-------+----------+-------------------------------------------
     0 | D:1      | qw the Gargoyle Hunter began the quest for the Orb.
     0 | D:1      | Reached XP level 1. HP: 12/12 MP: 1/1
     0 | D:1      | 0 ||| qw: Version: 0.3-a-83-gcd0e7d8
     0 | D:1      | 0 ||| qw: Game counter: 1784
     0 | D:1      | 0 ||| qw: Melee chars always use a shield: true
     0 | D:1      | 0 ||| qw: God list: Okawaru
     0 | D:1      | 0 ||| qw: Allow faded altars: false
     0 | D:1      | 0 ||| qw: Do Orc after clearing Dungeon:15 true
     0 | D:1      | 0 ||| qw: Do second Lair branch before Depths: true
     0 | D:1      | 0 ||| qw: Lair rune preference: random
     0 | D:1      | 0 ||| qw: Goals: Normal
     0 | D:1      | 0 ||| PLANNING D:1-11
   330 | D:1      | Reached XP level 2. HP: 17/17 MP: 2/2
   797 | D:1      | 797 ||| READING scroll labelled ISOETY MOVVAI.
   798 | D:1      | 798 ||| DROPPING scroll of butterflies.
   889 | D:2      | Reached XP level 3. HP: 20/21 MP: 3/3
   932 | D:2      | Reached skill level 5 in Ranged Weapons
  1117 | D:2      | Reached skill level 3 in Fighting
  1149 | D:2      | Reached XP level 4. HP: 25/28 MP: 4/4
  1200 | D:2      | Found a shimmering blue altar of Sif Muna.
  1386 | D:2      | 1386 ||| UPGRADING to +0 pair of boots.
  1391 | D:2      | 1391 ||| READING 2 scrolls labelled ENEIFFYXKO.
  1396 | D:2      | 1396 ||| READING scroll labelled PEMUUM JEMOPRA.
  1397 | D:2      | 1397 ||| DRINKING 2 fizzy black potions.
  1398 | D:2      | 1398 ||| DROPPING potion of degeneration.
  1414 | D:3      | 1414 ||| STAIRDANCE
  1419 | D:3      | 1419 ||| STAIRDANCE
  1510 | D:2      | 1510 ||| UPGRADING to +0 ring mail of willpower.
  1520 | D:2      | 1520 ||| DROPPING +0 leather armour.
  1525 | D:3      | 1525 ||| STAIRDANCE
  1595 | D:3      | 1595 ||| STAIRDANCE
  1701 | D:3      | Reached skill level 1 in Armour
  1926 | D:3      | 1926 ||| READING 2 scrolls labelled BEDE RISMA.
  1927 | D:3      | 1927 ||| READING scroll of enchant armour.
  1927 | D:3      | 1927 ||| ENCHANTING +0 pair of boots.
  1928 | D:3      | 1928 ||| READING scroll labelled PINYRI PAKANE.
  1929 | D:3      | 1929 ||| DRINKING 2 murky pink potions.
  1930 | D:3      | 1930 ||| DRINKING 2 inky potions.
  1931 | D:3      | 1931 ||| DRINKING 2 fizzy cyan potions.
  1932 | D:3      | 1932 ||| DRINKING potion of curing.
  1932 | D:3      | 1932 ||| (to cure confusion)
  1933 | D:3      | 1933 ||| DROPPING potion of ambrosia.
  2023 | D:4      | Noticed Dowan
  2023 | D:4      | Noticed Duvessa
  2024 | D:4      | 2024 ||| RETREEAATING.
  2025 | D:4      | 2025 ||| STILL RETREEAATING.
  2026 | D:4      | 2026 ||| STILL RETREEAATING.
  2027 | D:4      | 2027 ||| Stepping ~*~*~tactically~*~*~ (retreating).
  2030 | D:4      | HP: 6/28 [Duvessa/+0 rapier (10)]
  2031 | D:4      | 2031 ||| READING 6 scrolls of teleportation.
  2032 | D:4      | Slain by Duvessa

Levels and vault maps discovered:
D:1:      ncdulo_halloftheorcs, layout_loops_corners
D:2:      minmay_roachtagon, layout_rooms, basic_altar, minmay_close_crescents
D:3:      layout_rooms
D:4:      layout_rooms, uniq_duvessa, uniq_pikel

Skill      XL: |  1  2  3  4 |
---------------+-------------+-----
Ranged Weapons | 5 |  5.6
Fighting       | 3 |  3.0
Armour         | 1 |  1.0
Dodging        | |  1.5
Stealth        | |  1.1

Action                     |  1- 3 |  4- 6 || total
---------------------------+-------+-------++-------
   Fire: Shortbow          |   149 |    71 ||   220
    Use: Scroll            |     1 |     6 ||     7
         Potion            |       |     5 ||     5
 Armour: Leather armour    |    67 |    36 ||   103
         Ring mail         |       |    23 ||    23
  Dodge: Dodged            |    67 |    52 ||   119

Table legend:
 A = Non-vault XP
 B = Vault XP
 C = Vault XP percentage of total XP
 D = Non-vault monster count
 E = Vault monster count
 F = Vault count percentage of total count
                 A         B        C        D         E       F
            +---------+---------+-------+---------+---------+-------
      Total |     116 |      38 |  24.7 |      48 |      14 |  22.6
            +---------+---------+-------+---------+---------+-------
        D:1 |      27 |       0 |   0.0 |      13 |       0 |   0.0
        D:2 |      69 |      38 |  35.5 |      26 |      14 |  35.0
        D:3 |      14 |       0 |   0.0 |       7 |       0 |   0.0
        D:4 |       6 |       0 |   0.0 |       2 |       0 |   0.0
            +---------+---------+-------+---------+---------+-------
